 Dungeon Crawl Stone Soup version 0.24-a0-201-gf205589 (webtiles) character file.

Game seed: 2743026931404952690

199 Ijustatesigmund the Magician (level 5, 0/34 HPs)
             Began as an Octopode Wizard on Mar 21, 2019.
             Slain by an orc wizard
             ... wielding a +0 dagger
              (5 damage)
             ... on level 3 of the Dungeon.
             The game lasted 00:06:15 (3617 turns).

Ijustatesigmund the Magician (Octopode Wizard)      Turns: 3617, Time: 00:06:16

Health: 0/34       AC:  2    Str:  6    XL:     5   Next: 77%
Magic:  2/9        EV: 13    Int: 20    God:
Gold:   120        SH:  0    Dex: 12    Spells: 1/10 levels left

rFire    . . .     SeeInvis .   b - +0 short sword
rCold    . . .     Gourm    .   (no shield)
rNeg     . . .     Faith    .   a - +1 hat
rPois    .         Spirit   .   (no amulet)
rElec    .         Reflect  .   (no ring)
rCorr    .         Harm     .   (no ring)
MR       .....                  (no ring)
Stlth    +++.......             (no ring)
HPRegen  0.11/turn              (no ring)
MPRegen  0.11/turn              (no ring)
                                (no ring)
                                (no ring)

@: hasted, very quick
A: almost no armour, stealthy swim, amphibious, 8 rings, constrict 8, camouflage
1, gelatinous body 1
a: no special abilities


You were on level 3 of the Dungeon.
You were very hungry.

You visited 1 branch of the dungeon, and saw 3 of its levels.

You collected 120 gold pieces.

Inventory:

Hand Weapons
 b - a +0 short sword (weapon)
Missiles
 f - a throwing net
 g - 3 javelins (quivered)
 k - 4 javelins of returning
 m - 2 poisoned javelins
Armour
 a - a +1 hat (worn)
Wands
 e - a wand of acid (4)
Scrolls
 h - a scroll of identify
 j - a scroll of remove curse
Potions
 l - a potion of flight
Comestibles
 c - 2 rations


   Skills:
 - Level 2.1 Fighting
 - Level 2.0 Dodging
 - Level 2.6 Stealth
 - Level 3.0 Spellcasting
 - Level 2.3 Conjurations
   Level 1.0 Summonings
 - Level 2.1 Translocations
 + Level 1.8 Fire Magic
 + Level 1.8 Air Magic
 + Level 2.3 Poison Magic


You had one spell level left.
You knew the following spells:

 Your Spells              Type           Power        Failure   Level  Hunger
a - Magic Dart            Conj           ##..         5%          1    None
b - Blink                 Tloc           N/A          9%          2    ##.....
c - Conjure Flame         Conj/Fire      ##......     19%         3    ###....
d - Mephitic Cloud        Conj/Pois/Air  ##......     17%         3    ###....

Your spell library contained the following spells:

 Spells                   Type           Power        Failure   Level  Hunger
 Call Imp                 Summ           #.......     14%         2    ##.....
 Slow                     Hex            #.......     22%         2    ##.....


Dungeon Overview and Level Annotations

Branches:
Dungeon (3/15)

Altars:


Innate Abilities, Weirdness & Mutations

You cannot wear most types of armour.
You are very stealthy in the water. (Stealth+)
You are amphibious.
You can wear up to eight rings at the same time.
You can use your tentacles to constrict eight enemies at once.
Your skin changes colour to match your surroundings (Stealth+).
Your rubbery body absorbs attacks. (AC +1, EV +1)


Message History

The hobgoblin hits you but does no damage.
Something hits you. The orc wizard closely misses you.
You barely miss the orc wizard.
You squeeze the orc wizard, but do no damage.
The orc wizard is almost dead.
You constrict the orc wizard.
You kill the orc wizard!
Something hits you. The hobgoblin barely misses you.
You hit something.
You hear some strange, mumbled words.
A magic dart appears from out of thin air!
The magic dart hits you! The hobgoblin barely misses you.
You hit something. You squeeze something. Something hits you.
* * * LOW HITPOINT WARNING * * *
The hobgoblin barely misses you. Something hits you.
* * * LOW HITPOINT WARNING * * *
Okay, then.
You feel yourself speed up. The hobgoblin barely misses you.
Something hits you.
You die...

............#.##.##.#.##.##.#.#
.........................##.#.#
............#..#...(..#.(##.#.#
..##.#......#..####.#.....#.#.###
....................#....##......
..##.#.........####.#....####.###
..##.#..##.......................
................)g...............
..##.#..##.#....@{...............
..####..##.#..#####.####..##.#...
..# #..##.#..# #.# #..##.#... ..#
#..##.#..# #o# #......... ..#
#..##.#..# #.######.#รท#...
..####.<##.##.# #......o.#.#..#
........##.##.# ########.#.#..#
........##.##.# #.#.#..#
#.......##.##.# #og.#..#


You could see a hobgoblin.

Vanquished Creatures
  A scorpion (D:3)
  An orc wizard (D:3)
  6 adders
  An ooze (D:2)
  A worm (D:3)
  A dart slug (D:1)
  2 leopard geckos (D:2)
  8 bats
  A giant cockroach (D:1)
  3 goblins
  8 hobgoblins
  11 jackals
  6 kobolds
  5 frilled lizards
  7 rats
62 creatures vanquished.

Notes
Turn   | Place    | Note
-------+----------+-------------------------------------------
     0 | D:1      | Ijustatesigmund the Octopode Wizard began the quest for the
                  | Orb.
     0 | D:1      | Reached XP level 1. HP: 11/11 MP: 4/4
   336 | D:1      | Reached skill level 1 in Fighting
   336 | D:1      | Reached XP level 2. HP: 18/18 MP: 0/6
   340 | D:1      | Learned a level 2 spell: Blink
  1182 | D:1      | Reached XP level 3. HP: 23/23 MP: 4/7
  1187 | D:1      | Learned a level 3 spell: Conjure Flame
  2150 | D:2      | Reached XP level 4. HP: 27/29 MP: 0/8
  2495 | D:2      | Learned a level 3 spell: Mephitic Cloud
  3057 | D:3      | Reached skill level 1 in Poison Magic
  3243 | D:3      | Reached skill level 1 in Fire Magic
  3243 | D:3      | Reached skill level 1 in Air Magic
  3243 | D:3      | Reached XP level 5. HP: 31/34 MP: 6/9
  3601 | D:3      | HP: 1/34 [orc wizard/magic dart (9)]
  3617 | D:3      | Slain by an orc wizard

Levels and vault maps discovered:
D:1:      nzn_arrival_depleted_hourglass, layout_basic
D:2:      layout_loops_ring
D:3:      layout_basic, nicolae_overflow_hidden_temple, old_standard_altar,
          lemuel_round_altar, bloody_trog, grunt_gozag_statues

Skill      XL: |  1  2  3  4  5 |
---------------+----------------+-----
Fighting       | 1 2 |  2.1
Conjurations   | 2 |  2.3
Translocations | 2 |  2.1
Poison Magic   | 1 2 |  2.3
Fire Magic     | 1 |  1.8
Air Magic      | 1 |  1.8
Dodging        | |  2.0
Stealth        | |  2.6
Spellcasting   | |  3.0
Summonings     | |  1.0

Action                   |  1- 3 |  4- 6 || total
-------------------------+-------+-------++-------
Melee: Dagger            |     7 |       ||     7
       Tentacles         |     2 |     5 ||     7
       Short sword       |    11 |    29 ||    40
       Constrict         |     5 |     7 ||    12
Throw: Javelin           |     1 |       ||     1
 Cast: Magic Dart        |    78 |    45 ||   123
       Conjure Flame     |       |     2 ||     2
       Blink             |       |     1 ||     1
  Use: Scroll            |     4 |     4 ||     8
       Potion            |       |     3 ||     3
 Stab: Sleeping          |       |     2 ||     2
  Eat: Chunk             |     3 |     4 ||     7
Armor: Skin              |     4 |     5 ||     9
Dodge: Dodged            |    19 |    25 ||    44

Table legend:
 A = Non-vault XP
 B = Vault XP
 C = Vault XP percentage of total XP
 D = Non-vault monster count
 E = Vault monster count
 F = Vault count percentage of total count
                 A         B        C        D         E       F
            +---------+---------+-------+---------+---------+-------
      Total |     285 |       0 |   0.0 |      62 |       0 |   0.0
            +---------+---------+-------+---------+---------+-------
        D:1 |      46 |       0 |   0.0 |      28 |       0 |   0.0
        D:2 |      61 |       0 |   0.0 |      18 |       0 |   0.0
        D:3 |     178 |       0 |   0.0 |      16 |       0 |   0.0
            +---------+---------+-------+---------+---------+-------
